Map: Thunderbird LE

Players

BackupJ - Winner!

  • Race: Protoss Protoss
  • Spawn Location: 5:00

FoxeR

  • Race: Terran Terran
  • Spawn Location: 11:00

VOD

Have the link to the VOD?

Description

Time

  • Played on: Sept. 6, 2019, 3:56 p.m.
  • Length: 20:22
Show
View Real Time Build Order
Export as new Build Order

BackupJ Protoss - Winner!

Build Orders: 1 Gate Expand, Phoenix Opening, Blink Stalkers 

Get SALT Encoding   

  12  0:00  Probe  
  13  0:12  Probe  
  14  0:17  Pylon  
  14  0:23  Probe  
  15  0:31  Probe  
  16  0:37  Gateway  
  16  0:39  Probe  
  16  0:45  Assimilator  
  17  0:51  Probe  
  18  1:03  Probe  
  19  1:15  Probe  
  20  1:24  Cybernetics Core  
  20  1:33  Nexus  
  20  1:38  Pylon  
  20  1:42  Probe  
  21  1:49  Assimilator  
  21  1:51  Probe  
  21  1:53  Adept  
  21  1:59  Probe  
  24  2:03  Warp Gate  
  25  2:09  Probe  
  26  2:21  Probe  
  27  2:23  Sentry  
  29  2:33  Probe  
  30  2:42  Probe  
  30  2:45  Twilight Council, Probe  
  30  2:50  Probe  
  32  2:52  Stalker  
  32  2:57  Probe  
  32  2:58  Gateway  
  36  3:00  Probe  
  36  3:03  Blink  
  37  3:07  Phoenix  
  37  3:09  Probe  
  38  3:13  Probe  
  39  3:21  Probe  
  39  3:26  Pylon  
  40  3:27  Probe  
  40  3:33  Probe  
  42  3:39  Probe  
  42  3:40  Robotics Facility  
  43  3:45  Probe, Assimilator  
  44  3:51  Probe, Stalker  
  47  3:55  Pylon  
  47  3:57  Probe  
  47  3:58  Stalker  
  50  4:03  Probe  
  52  4:10  Probe  
  52  4:11  Nexus  
  52  4:15  Probe  
  53  4:18  Stalker  
  53  4:22  Probe  
  53  4:23  Observer  
  53  4:24  Shield Battery  
  56  4:28  Pylon  
  56  4:30  Probe  
  58  4:34  Probe, Stalker  
  61  4:39  Observer  
  61  4:45  Pylon  
  62  4:46  Shield Battery  
  62  4:47  Stalker  
  62  4:52  Probe x2  
  66  4:54  Immortal, Pylon  
  66  5:01  Charge  
  70  5:07  Probe  
  70  5:08  Probe  
  70  5:13  Forge  
  72  5:19  Probe  
  72  5:20  Probe  
  74  5:23  Pylon, Probe  
  75  5:32  Probe x2  
  75  5:34  Warp Prism  
  75  5:35  Probe  
  80  5:36  Protoss Ground Armor Level 1  
  80  5:41  Shield Battery  
  80  5:44  Probe x2  
  80  5:47  Probe, Sentry x2  
  87  5:56  Probe  
  88  5:58  Gateway  
  88  5:59  Gateway  
  88  6:00  Pylon  
  88  6:01  Gateway  
  88  6:08  Immortal  
  88  6:12  Gateway  
  88  6:13  Gateway  
  88  6:15  Gateway  
  88  6:17  Pylon  
  88  6:19  Zealot x2  
  96  6:41  Immortal  
  96  6:45  Shield Battery  
  96  6:46  Shield Battery  
  96  6:47  Zealot x2  
  104  6:58  Stalker  
  102  7:10  Zealot x7  
  102  7:15  Probe  
  112  7:20  Probe  
  112  7:21  Probe  
  107  7:27  Forge, Probe  
  106  7:32  Probe  
  106  7:33  Probe  
  106  7:34  Protoss Ground Weapons Level 1  
  108  7:38  Assimilator  
  108  7:40  Sentry  
  108  7:42  Assimilator  
  110  7:44  Robotics Bay  
  110  7:45  Probe x3  
  110  7:47  Robotics Facility  
  110  7:48  Assimilator  
  110  7:50  Protoss Ground Armor Level 2, Zealot  
  110  7:51  Zealot x3  
  121  7:57  Probe x2  
  123  8:01  Probe  
  124  8:06  Pylon  
  124  8:07  Pylon  
  124  8:13  Pylon  
  124  8:21  Colossus  
  124  8:25  Colossus  
  124  8:36  Zealot x6  
  124  8:37  Zealot x2  
  124  8:41  Pylon, Extended Thermal Lance  
  146  8:44  Pylon  
  146  8:47  Probe  
  133  9:14  Colossus  
  139  9:18  Colossus  
  139  9:22  Nexus  
  145  9:25  Pylon  
  145  9:30  Stalker x4  
  153  9:37  Pylon  
  153  9:48  Pylon  
  153  9:51  Stalker x4  
  161  10:07  Probe  
  161  10:08  Probe x2  
  161  10:11  Dark Shrine  
  164  10:15  Shield Battery  
  164  10:16  Disruptor x2  
  164  10:17  Protoss Ground Armor Level 3  
  164  10:18  Photon Cannon x2  
  170  10:24  Stargate  
  170  10:26  Probe x2  
  172  10:36  Zealot x2  
  172  10:37  Probe  
  172  10:38  Pylon, Probe x2  
  179  10:51  Zealot x5  
  183  10:59  Zealot x3  
  160  11:20  Zealot x6  
  160  11:22  Probe  
  165  11:26  Probe  
  165  11:27  Probe, Disruptor x2  
  165  11:32  Probe  
  174  11:37  Probe  
  174  11:38  Pylon  
  169  11:42  Stalker x3  
  173  11:48  Fleet Beacon  
  173  11:50  Probe  
  173  11:52  Stargate  
  172  11:56  Probe x2  
  172  11:59  Probe  
  175  12:02  Assimilator  
  175  12:08  Forge  
  174  12:13  Observer x2  
  176  12:19  Protoss Air Weapons Level 1  
  176  12:23  Dark Templar x2  
  176  12:24  Zealot, Dark Templar  
  176  12:25  Zealot x2  
  188  12:34  Tempest  
  188  12:36  Probe x2  
  193  12:38  Tempest  
  190  12:54  Probe  
  190  12:56  Protoss Ground Weapons Level 2  
  183  13:07  Stargate  
  183  13:08  Probe  
  183  13:09  Probe  
  183  13:10  Nexus  
  183  13:11  Protoss Shields Level 1  
  185  13:12  Pylon  
  185  13:15  Photon Cannon  
  185  13:17  Pylon  
  185  13:24  Assimilator  
  183  13:27  Assimilator  
  183  13:30  Photon Cannon  
  183  13:32  Tempest x2  
  185  13:50  Dark Templar  
  187  14:02  Tempest  
  192  14:15  Tempest  
  188  14:17  Tempest  
  188  14:22  Templar Archives  
  193  14:25  Photon Cannon, Probe x3  
  193  14:26  Photon Cannon  
  193  14:28  Photon Cannon  
  193  14:30  Stalker x2  
  200  14:35  Gateway  
  200  14:38  Gateway  
  200  14:40  Gateway  
  200  14:42  Shield Battery  
  200  14:56  Protoss Air Weapons Level 2  
  193  15:21  Protoss Shields Level 2, Protoss Ground Weapons Level 3  
  193  15:25  Zealot x3  
  197  15:39  Psionic Storm  
  197  15:48  Observer  
  197  15:55  Shadow Stride  
  195  16:03  Gateway  
  193  16:04  High Templar  
  193  16:05  High Templar x2  
  193  16:06  Gateway  
  199  16:25  Observer x2  
  200  16:33  Assimilator  
  200  16:37  Assimilator  
  181  16:50  Tempest x2  
  181  16:51  Disruptor x2  
  181  16:54  Tempest  
  181  16:58  Stalker x7  
  200  17:03  Nexus  
  200  17:06  Pylon  
  143  17:26  Colossus x2  
  155  17:33  Tempest x2  
  147  17:38  Zealot x4  
  147  17:40  Stalker x6  
  162  17:44  Tempest  
  162  17:51  Stalker  
  166  17:58  Photon Cannon  
  166  17:59  Photon Cannon  
  166  18:01  Photon Cannon  
  166  18:04  Pylon  
  151  18:15  Tempest  
  140  18:20  Colossus x2  
  146  18:31  Tempest x2  
  146  18:32  Stalker x5  
  146  18:33  Zealot x6  
  178  18:54  Stalker x5  
  188  18:58  Zealot x4  
  188  19:00  Stalker  
  196  19:05  Stalker  
  196  19:07  Observer  
  198  19:18  Zealot  
  200  19:36  Observer  
  198  19:54  Dark Templar  
  178  20:16  Zealot x6  
  178  20:17  Zealot x4  
Show
View Real Time Build Order
Export as new Build Order

FoxeR Terran 

Build Orders: Reaper Expand, Banshee Rush 

Get SALT Encoding   

  12  0:00  SCV  
  13  0:13  SCV  
  14  0:17  Supply Depot  
  14  0:25  SCV  
  15  0:39  SCV  
  15  0:41  Barracks  
  16  0:45  Refinery  
  16  0:51  SCV  
  17  1:03  SCV  
  18  1:15  SCV  
  19  1:31  Orbital Command, Reaper  
  20  1:48  Command Center  
  20  1:58  SCV  
  21  2:04  Supply Depot  
  21  2:05  Barracks Reactor  
  21  2:10  SCV  
  21  2:11  Refinery  
  22  2:21  Factory  
  22  2:22  SCV  
  23  2:34  SCV  
  24  2:41  Marine x2  
  25  2:49  SCV  
  26  2:59  Marine x2  
  26  3:03  Orbital Command  
  26  3:04  SCV  
  29  3:05  Factory Tech Lab  
  29  3:08  Starport  
  29  3:16  SCV  
  29  3:17  Marine x2  
  35  3:28  SCV  
  35  3:29  SCV  
  37  3:38  Marine x2  
  37  3:40  SCV  
  37  3:41  SCV  
  37  3:43  Bunker  
  37  3:44  Factory Tech Lab  
  38  3:52  SCV, Cloaking Field  
  38  3:53  Banshee, SCV  
  43  4:00  Supply Depot  
  43  4:02  Marine x2  
  45  4:10  SCV  
  45  4:14  Siege Tank, SCV  
  50  4:22  Marine x2, SCV  
  53  4:26  SCV  
  53  4:30  Barracks  
  54  4:34  SCV  
  54  4:35  Banshee  
  58  4:40  SCV  
  58  4:41  Barracks  
  59  4:45  Marine  
  59  4:46  Marine  
  59  4:50  SCV  
  62  4:53  Supply Depot  
  62  4:55  Factory Reactor, Engineering Bay  
  62  5:04  Supply Depot  
  62  5:06  Refinery  
  62  5:14  SCV x2, Marine x2  
  62  5:18  Supply Depot  
  66  5:26  SCV x2  
  68  5:35  Terran Infantry Weapons Level 1  
  68  5:37  Refinery  
  68  5:38  Supply Depot, SCV x2  
  70  5:43  Combat Shield, Marauder x2  
  70  5:44  Stimpack  
  70  5:45  Medivac  
  76  5:50  SCV  
  76  5:52  SCV  
  78  5:57  Command Center  
  78  6:01  Marine x2  
  78  6:03  SCV  
  81  6:04  SCV  
  81  6:06  Supply Depot  
  81  6:08  Supply Depot, Marauder  
  81  6:11  Marauder  
  86  6:19  Medivac x2  
  90  6:25  Factory Reactor  
  90  6:26  SCV  
  90  6:27  Factory Tech Lab  
  90  6:29  Marauder  
  90  6:31  Marine  
  94  6:35  Barracks, SCV  
  94  6:38  Barracks  
  94  6:39  Marauder  
  97  6:42  Marine  
  97  6:45  SCV  
  99  6:47  SCV  
  99  6:49  Marine  
  99  6:51  Marine  
  102  6:58  SCV  
  102  6:59  Marine  
  102  7:00  Marine  
  103  7:06  Marine  
  103  7:09  Marauder  
  103  7:12  SCV  
  103  7:13  Armory  
  103  7:14  Engineering Bay  
  106  7:18  Marauder  
  106  7:22  Medivac x2, Siege Tank, SCV  
  113  7:24  SCV  
  113  7:26  Supply Depot  
  111  7:31  Marauder  
  111  7:34  Orbital Command  
  111  7:36  Barracks Tech Lab, Barracks Reactor, Marine  
  111  7:37  SCV  
  111  7:42  Terran Infantry Armor Level 1  
  112  7:45  SCV  
  112  7:47  Missile Turret  
  112  7:49  SCV  
  114  7:51  Missile Turret  
  114  7:53  Marine x3  
  114  7:54  Missile Turret  
  114  7:57  SCV  
  114  7:58  Supply Depot  
  118  8:00  Supply Depot, SCV  
  118  8:01  SCV  
  118  8:03  Siege Tank  
  123  8:09  SCV  
  123  8:10  Medivac x2, Marine  
  123  8:12  SCV  
  130  8:13  Refinery  
  130  8:14  SCV  
  130  8:15  Refinery  
  130  8:17  Supply Depot  
  130  8:19  Marine x3  
  133  8:20  Marine  
  133  8:24  Marine x2  
  137  8:28  Marine  
  137  8:30  SCV  
  136  8:37  Marine x4  
  133  8:41  SCV  
  133  8:42  Marine x2, SCV x2  
  133  8:46  Marine  
  133  8:53  SCV  
  133  8:54  SCV  
  133  8:55  Marine x4  
  138  8:57  SCV  
  138  9:00  Marine x2  
  142  9:06  Siege Tank, SCV x2  
  142  9:09  SCV  
  147  9:13  Command Center, Marine x2  
  147  9:14  Marauder  
  151  9:18  SCV x2  
  151  9:19  Ghost Academy  
  151  9:21  SCV  
  151  9:22  Supply Depot  
  151  9:23  Supply Depot  
  154  9:28  Terran Infantry Weapons Level 2  
  154  9:30  SCV x2  
  155  9:33  SCV  
  155  9:36  Starport  
  156  9:46  Marauder x2  
  156  9:48  SCV x2  
  156  9:52  Supply Depot  
  161  9:56  Marauder  
  161  10:09  Viking x2  
  161  10:10  Siege Tank  
  161  10:13  Terran Infantry Armor Level 2  
  161  10:14  Starport, Terran Ship Weapons Level 1, Fusion Core  
  168  10:23  Marine x2  
  168  10:24  Ghost x3  
  176  10:29  Supply Depot  
  176  10:39  Sensor Tower  
  176  10:43  Viking  
  176  10:44  Starport Tech Lab, Viking  
  165  11:05  Ghost  
  165  11:08  Liberator  
  160  11:11  Ghost x2  
  160  11:12  Viking  
  156  11:24  Marine x3  
  149  11:27  Marine  
  149  11:34  Ghost, Refinery  
  149  11:35  SCV x2  
  153  11:40  Marine  
  153  11:42  Planetary Fortress  
  153  11:45  SCV  
  155  11:47  Refinery, Missile Turret  
  155  11:50  Missile Turret  
  155  11:51  Ghost, Missile Turret x2  
  155  11:52  Liberator x2, Missile Turret  
  155  11:54  SCV x2  
  150  12:02  SCV  
  150  12:03  Liberator  
  150  12:10  Marine  
  150  12:11  Marine  
  158  12:17  Sensor Tower  
  158  12:19  Missile Turret  
  161  12:24  Command Center  
  161  12:25  Command Center  
  161  12:26  Marine x2  
  161  12:27  Marine x3  
  161  12:28  Marine x2  
  168  12:34  Supply Depot  
  163  12:39  Supply Depot  
  163  12:40  Supply Depot  
  163  12:44  Marine x3  
  158  12:45  Marine  
  158  12:46  Marine x2  
  162  12:52  SCV x2  
  162  12:53  Viking  
  162  12:54  Viking x2, SCV x2  
  164  13:02  Marine x4  
  164  13:04  Marine x2, SCV  
  169  13:11  Supply Depot  
  167  13:12  Supply Depot  
  167  13:18  Medivac  
  167  13:19  Marine x2  
  167  13:20  Marine  
  167  13:21  SCV x2  
  167  13:22  Marine, SCV x2  
  171  13:30  Marine x2  
  172  13:36  Fusion Core  
  172  13:37  Marine x2  
  172  13:38  Marine  
  172  13:40  Marine  
  176  13:43  Starport Tech Lab  
  173  13:49  Liberator  
  173  13:50  Viking x3  
  173  13:54  Barracks Tech Lab  
  179  13:55  Ghost  
  179  14:00  Orbital Command  
  179  14:01  Orbital Command  
  178  14:05  Barracks x2  
  178  14:06  Barracks  
  176  14:13  Liberator  
  174  14:18  Marine x3  
  174  14:20  Terran Infantry Weapons Level 3, Terran Ship Weapons Level 2, Viking x2  
  178  14:24  Ghost  
  183  14:32  Liberator  
  183  14:36  Terran Infantry Armor Level 3  
  183  14:37  Enhanced Shockwaves  
  183  14:41  Ghost  
  185  14:50  Viking x2  
  186  15:01  Missile Turret, Advanced Ballistics  
  186  15:02  Barracks Tech Lab, Refinery  
  186  15:03  Barracks Tech Lab, Barracks Reactor  
  186  15:04  Orbital Command  
  186  15:07  Liberator  
  183  15:09  Ghost  
  177  15:22  Marauder x2  
  177  15:23  Marauder  
  177  15:27  Missile Turret  
  177  15:28  SCV x3  
  187  15:38  Marauder  
  189  15:43  Ghost  
  189  15:49  Liberator  
  191  15:51  Starport Reactor  
  191  15:55  Medivac x2  
  193  16:07  Ghost  
  193  16:08  Liberator  
  198  16:12  Refinery  
  196  16:20  Rapid Reignition System  
  196  16:25  Viking  
  196  16:28  Viking  
  189  16:41  Viking  
  170  16:49  Marauder, Marine x2  
  170  16:50  Marauder  
  157  17:01  Viking  
  139  17:09  Marine  
  139  17:10  Marauder  
  139  17:13  Viking  
  139  17:15  Marauder, Marine  
  128  17:18  Marine  
  128  17:19  Marine  
  128  17:20  Marine  
  124  17:23  Marine x2  
  124  17:24  Liberator, Marine  
  124  17:27  Marine  
  128  17:31  Marine  
  128  17:32  Marine  
  128  17:35  Orbital Command  
  128  17:36  Marine  
  126  17:39  Marine  
  126  17:41  Marauder, Marine  
  126  17:42  Marauder  
  126  17:43  Terran Ship Weapons Level 3, SCV x2  
  126  17:44  SCV x2  
  139  17:49  Marauder  
  141  17:54  Marauder  
  141  17:55  SCV  
  141  17:56  SCV x2  
  146  17:59  Refinery, Command Center  
  146  18:00  Command Center  
  146  18:03  Marauder, Ghost  
  146  18:04  Marine  
  144  18:06  Viking  
  144  18:10  Ghost  
  128  18:13  Marine  
  128  18:15  Marine  
  128  18:18  Marine  
  114  18:20  Marine  
  114  18:22  Marine  
  106  18:28  Marine  
  106  18:29  Marauder  
  106  18:30  Marine  
  106  18:31  Viking, Marine  
  106  18:32  Viking x3, Marine  
  113  18:34  SCV  
  113  18:40  Marauder, Marine x2  
  113  18:41  Marine x2  
  119  18:46  Marine  
  119  18:49  Marauder  
  119  18:50  Marauder  
  119  18:51  Marauder, Marine  
  126  19:02  Marauder, Marine x2  
  130  19:06  Viking  
  130  19:09  Orbital Command  
  130  19:10  Marauder  
  130  19:11  Command Center, Viking x2  
  130  19:12  Refinery x2  
  130  19:17  Marauder x2  
  130  19:23  Marauder  
  133  19:31  Marauder  
  128  19:39  Marauder x2  
  130  19:49  Marauder, Viking, Marine x3  
  130  19:53  Marauder  
  130  19:55  Marine  
  130  19:58  Marine  
  130  20:00  Marauder x2  
Tags
 
Add a new tag
Caveats
  • Supply blocks, unpowered buildings, or Contaminate may cause inaccurate times.
  • Supply counts are checked every 10 seconds.